 Dungeon Crawl Stone Soup version 0.31-a0-365-gcf821cafb2 (webtiles) character file.

Game seed: 9942991575482130329

80 dr0g0th the Trooper (level 4, -4/4 HPs)
             Began as a Minotaur Fighter on July 27, 2023.
             Slain by Terence
             ... wielding a +0 trident
              (8 damage)
             ... on level 2 of the Dungeon.
             The game lasted 00:02:47 (1405 turns).

dr0g0th the Trooper (Minotaur Fighter)              Turns: 1405, Time: 00:02:48

Health: -4/4       AC:  0    Str: 23    XL:     4   Next: 18%
Magic:  3/3        EV: 11    Int:  5    God:
Gold:   71         SH:  4    Dex:  9    Spells: 3/3 levels left

rFire   . . .        a - +0 long sword
rCold   . . .        c - +0 buckler
rNeg    . . .        b - melded +0 scale mail
rPois   .            (helmet restricted)
rElec   .            (no cloak)
rCorr   .            (no gloves)
SInv    .            (no boots)
Will    +....        (no amulet)
Stlth   +            (no ring)
HPRegen 0.20/turn    (no ring)
MPRegen 0.08/turn

%: no passive effects
@: maw-form, enlightened, flying
A: devouring maw, reduced hp, horns 2, retaliatory headbutt
a: Begin Untransformation


You were on level 2 of the Dungeon.
You were a creature with a mouth for a stomach.
You visited 1 branch of the dungeon, and saw 2 of its levels.

You collected 71 gold pieces.

Inventory:

Hand Weapons
 a - a +0 long sword (weapon)
Armour
 b - a +0 scale mail (melded)
 c - a +0 buckler (worn)
Talismans
 d - a maw talisman
Wands
 e - a wand of polymorph (3)
Potions
 f - a potion of enlightenment
 g - a potion of magic {unknown}


   Skills:
 + Level 4.4 Fighting
 + Level 3.0 Long Blades
 + Level 4.3 Armour
 + Level 0.9 Dodging
 + Level 4.3 Shields


You had 3 spell levels left.
You didn't know any spells.
Your spell library was empty.

Dungeon Overview and Level Annotations

Branches:
Dungeon (2/15)

Altars:

Annotations:
D:2 Terence


Innate Abilities, Weirdness & Mutations

You are a creature with a mouth for a stomach.
Your midsection houses a second, enormous mouth.
Your maximum health is decreased, since you lack skill for your form.
You have a pair of horns on your head.
You reflexively headbutt those who attack you in melee.


Message History

A giant cockroach comes into view.
A giant cockroach is nearby!
You see here 14 gold pieces.
You hit the giant cockroach.
You bite the giant cockroach, but do no damage.
The giant cockroach is severely wounded.
The giant cockroach barely misses you. You furiously retaliate!
You headbutt the giant cockroach.
You kill the giant cockroach!
You now have 71 gold pieces (gained 14).
An endoplasm comes into view.
An endoplasm is nearby!
The endoplasm quivers.
You slash the endoplasm!
You kill the endoplasm!
A rat comes into view.
No target in view!
No target in view!
Found a stone staircase leading down.
Found a gilded ring.
A ball python comes into view.
The rat closely misses you.
You closely miss the rat. The rat barely misses you.
The ball python hisses angrily.
You slash the rat!
You devour the rat!
You feel better.
You kill the rat!
You slash the ball python!
You kill the ball python!
No target in view!
Terence the Incautious comes into view.
He is wielding a +0 trident.
Found a robe.
Terence shouts!
You see here a ball python corpse.
Terence is nearby!
Terence bares his teeth.
You feel very buoyant.
You fly up into the air.
Terence hits you with a +0 trident!
Ouch! That really hurt!
You die...

.######.###.# #. [# #.#
#.# #.# #. .
..######.###.# #. #.
..........##.# #.
###.###.##.####.##.# #.
##...>...=.....#.##.# #.
............## #.##.# #.
......@...#.##.#.##.###.
#W†##.##.......<..
#..##.#######.#.##
#.............#.#
#.###.#########.#
...###.# ##.##
.....##..# ##...#
......##.## #.†#..
#...#.##.# #....#
#...#.##.# #...#.


You could see Terence.

Vanquished Creatures
  An orc wizard (D:1)
  A dart slug (D:1)
  3 orcs (D:1)
  5 ball pythons
  5 bats
  4 endoplasms
  2 giant cockroaches
  3 goblins (D:1)
  2 hobgoblins (D:1)
  7 jackals (D:1)
  4 kobolds
  2 quokkas
  5 rats
44 creatures vanquished.

Notes
Turn   | Place    | Note
-------+----------+-------------------------------------------
     0 | D:1      | dr0g0th the Minotaur Fighter began the quest for the Orb.
     0 | D:1      | Reached XP level 1. HP: 19/19 MP: 0/0
   139 | D:1      | Reached XP level 2. HP: 27/27 MP: 1/1
   686 | D:1      | Reached XP level 3. HP: 32/33 MP: 2/2
   996 | D:1      | Reached XP level 4. HP: 6/41 MP: 3/3
  1401 | D:2      | Noticed Terence
  1405 | D:2      | Slain by Terence

Illustrated notes

Levels and vault maps discovered:
D:1:      minmay_arrival_solitary_statue, layout_loops_ring, serial_forest,
          infiniplex_forest_split, infiniplex_forest_straight_3,
          infiniplex_forest_straight_4, infiniplex_forest_straight_4,
          infiniplex_forest_end_2, infiniplex_forest_straight_3,
          infiniplex_forest_zigzag_2, infiniplex_forest_lined_room_,
          kennysheep_decorative_pillar
D:2:      layout_loops_ring, uniq_terence

Skill      XL: |  1  2  3 |
---------------+----------+-----
Fighting       | 4 |  4.4
Armour         | 4 |  4.3
Shields        | 4 |  4.3
Long Blades    | 3 |  3.0
Dodging        | |  0.9

Action                     |  1- 3 |  4- 6 || total
---------------------------+-------+-------++-------
  Melee: Long sword        |    81 |     9 ||    90
         Headbutt          |    11 |     1 ||    12
         Maw               |       |     2 ||     2
    Use: Potion            |     4 |     1 ||     5
 Armour: Scale mail        |    50 |       ||    50
  Dodge: Dodged            |    41 |    10 ||    51
  Block: Buckler           |    21 |       ||    21
   Form: Maw               |       |     1 ||     1

Table legend: (Time is in decaauts)
 A = Elapsed time spent in this place.
 B = Non-inter-level travel time spent in this place.
 C = Inter-level travel time spent in this place.
 D = Time resting spent in this place.
 E = Time spent auto-exploring this place.
 F = Levels seen in this place.
 G = Mean time per level.
                   A        B        C        D        E       F      G
               +--------+--------+--------+--------+--------+-----+--------+
         Total |   1436 |   1377 |     59 |    285 |    814 |   2 |  718.0 |
       Dungeon |   1436 |   1377 |     59 |    285 |    814 |   2 |  718.0 |
               +--------+--------+--------+--------+--------+-----+--------+

Top non-repeatable levels by time:
     D:1: 1213 daAuts
     D:2: 222 daAuts
